 Dungeon Crawl Stone Soup version 0.31-a0-654-gbe3e110b4e (webtiles) character file.

Game seed: 13923351989689546662

526134 senseless the Hoplite (level 24, -9/262 HPs)
             Began as a Minotaur Fighter on Aug 29, 2023.
             Was a High Priest of Okawaru.
             Killed from afar by a quicksilver dragon (45 damage)
             ... with a bolt of dispelling energy
             ... on level 5 of the Realm of Zot on Aug 31, 2023.
             The game lasted 03:06:28 (51845 turns).

senseless the Hoplite (Minotaur Fighter)           Turns: 51845, Time: 03:06:29

Health: -9/262     AC: 63    Str: 45    XL:     24   Next: 27%
Magic:  27/27      EV: 17    Int: 14    God:    Okawaru [*****.]
Gold:   2021       SH: 37    Dex: 14    Spells: 23/23 levels left

rFire   x . .        R - +6 broad axe "Xaklyeq" {venom, rElec Int+5}
rCold   . . .        A - +8 tower shield {AC+3}
rNeg    . . .        T - +14 crystal plate armour of Soft Rains {rPois Int+4}
rPois   +            i - +1 hat "Besaux" {rF+ Str+2}
rElec   +            f - +4 dragonskin cloak
rCorr   +            Q - +2 pair of gloves {Str+3}
SInv    .            s - +2 pair of boots "Wottil" {*Corrode rPois Str+5}
Will    +....        g - amulet of reflection Stlth
                     E - ring "Upuma" {Fly rF- rC+ Dex-4 Slay+5}
HPRegen 0.63/turn    j - ring "Hosid" {rPois rC- rCorr Str+6 Dex+4}
MPRegen 0.20/turn

%: corrode self (3%), reflection
@: flying, studying 2 skills
A: horns 2, retaliatory headbutt, fangs 1, iridescent scales 1, low MP 1, sense
surroundings 1, robust 1, heat vulnerability 1, inability to drink after injury
1, MP-powered wands
}: 3/15 runes: decaying, serpentine, slimy
a: Renounce Religion, Heroism, Finesse, Duel


You were on level 5 of the Realm of Zot.
You worshipped Okawaru.
Okawaru was extremely pleased with you.
You visited 10 branches of the dungeon, and saw 49 of its levels.
You visited the Abyss 1 time.
You also visited: Gauntlet and Ice Cave.

You collected 7683 gold pieces.
You spent 5662 gold pieces at shops.

Inventory:

Hand Weapons
 b - a +6 spectral broad axe
 p - the +10 war axe of Amorality {drain, rCorr Dex+3}
   (Okawaru gifted it to you on level 1 of the Vaults)

   Dex+3:     It affects your dexterity (+3).
   rCorr:     It protects you from acid and corrosion.
 R - the +6 broad axe "Xaklyeq" (weapon) {venom, rElec Int+5}
   (Okawaru gifted it to you on level 4 of the Swamp)

   Int+5:     It affects your intelligence (+5).
   rElec:     It insulates you from electricity.
Armour
 f - the +4 dragonskin cloak (worn)
   (You took it off Tiamat in the Arena)

   Avatar's Aegis: It grants the wearer a chance to resist fire, cold, poison,
   electricity, acid, and negative energy.
 i - the +1 hat "Besaux" (worn) {rF+ Str+2}
   (Okawaru gifted it to you on level 4 of the Snake Pit)

   Str+2:     It affects your strength (+2).
   rF+:       It protects you from fire.
 s - the +2 pair of boots "Wottil" (worn) {*Corrode rPois Str+5}
   (Okawaru gifted it to you on level 5 of the Lair of Beasts)

   Str+5:     It affects your strength (+5).
   rPois:     It protects you from poison *Corrode: It may corrode you when you
   take damage.
 A - a +8 tower shield of protection (worn)
 H - the +1 hat of Gluttony {rElec Will- Str+6 Int-2}
   (Okawaru gifted it to you on level 1 of the Snake Pit)

   Str+6:     It affects your strength (+6).
   Int-2:     It affects your intelligence (-2).
   rElec:     It insulates you from electricity.
   Will-:     It decreases your willpower.
 K - the +4 cloak "Vunn" {*Slow rF+ Dex+4 Slay+3}
   (You found it in a Gauntlet)

   Dex+4:     It affects your dexterity (+4).
   Slay+3:    It affects your accuracy & damage with ranged weapons and melee
   (+3).
   rF+:       It protects you from fire.
   *Slow:     It may slow you when you take damage.
 Q - a +2 pair of gloves of strength (worn)
 T - the +14 crystal plate armour of Soft Rains (worn) {rPois Int+4}
   (Okawaru gifted it to you on level 5 of the Lair of Beasts)

   Int+4:     It affects your intelligence (+4).
   rPois:     It protects you from poison
Jewellery
 c - a ring of willpower
 g - an amulet of reflection (around neck)
 j - the ring "Hosid" (right hand) {rPois rC- rCorr Str+6 Dex+4}
   (You bought it in a shop on level 4 of the Depths)

   [ring of strength]

   Str+6:     It affects your strength (+6).
   Dex+4:     It affects your dexterity (+4).
   rC-:       It makes you vulnerable to cold.
   rPois:     It protects you from poison rCorr: It protects you from acid and
   corrosion.
 v - a +6 ring of strength
 y - the amulet of Wevalor {Faith Fly rF+ Stlth+}
   (You found it on level 2 of the Swamp)

   [amulet of faith]

   Faith:     It allows you to gain divine favour quickly.
   rF+:       It protects you from fire.
   Fly:       It grants you flight.
   Stlth+:    It makes you more stealthy.
 z - a +6 ring of dexterity
 B - a ring of flight
 C - the ring "Posch" {MP+9 Slay+3}
   (You bought it in a shop on level 9 of the Dungeon)

   [ring of magical power]

   Slay+3:    It affects your accuracy & damage with ranged weapons and melee
   (+3).
   MP+9:      It affects your magic capacity (+9).
 D - a +6 ring of strength
 E - the ring "Upuma" (left hand) {Fly rF- rC+ Dex-4 Slay+5}
   (You found it on level 5 of the Pits of Slime)

   [ring of protection from cold]

   Dex-4:     It affects your dexterity (-4).
   Slay+5:    It affects your accuracy & damage with ranged weapons and melee
   (+5).
   rF-:       It makes you vulnerable to fire.
   rC+:       It protects you from cold.
   Fly:       It grants you flight.
 F - the ring of Sloth {rF+ rN++}
   (You found it in a Gauntlet)

   [ring of protection from fire]

   rF+:       It protects you from fire.
   rN++:      It greatly protects you from negative energy.
 I - a +5 ring of evasion
 J - a ring of positive energy
 O - a ring of protection from fire
 P - a ring of positive energy
 S - an amulet of regeneration
 V - the ring "Cavi" {rPois rC+ Str+3 Int+3}
   (You found it on level 1 of the Depths)

   [ring of protection from cold]

   Str+3:     It affects your strength (+3).
   Int+3:     It affects your intelligence (+3).
   rC+:       It protects you from cold.
   rPois:     It protects you from poison
Wands
 r - a wand of paralysis (21)
 U - a wand of flame (19)
Scrolls
 a - 8 scrolls of fear
 e - 17 scrolls of teleportation
 q - 6 scrolls of revelation
 L - 4 scrolls of poison
 N - 2 scrolls of blinking
 W - 3 scrolls of enchant armour
 X - 3 scrolls of silence
 Z - 7 scrolls of fog
Potions
 d - 7 potions of might
 h - 14 potions of enlightenment
 k - a potion of cancellation
 l - 7 potions of mutation
 m - 5 potions of ambrosia
 n - 20 potions of curing
 o - 8 potions of heal wounds
 t - 15 potions of lignification
 u - 5 potions of attraction
 w - 7 potions of berserk rage
 x - 4 potions of brilliance
 G - 5 potions of invisibility
 M - 5 potions of resistance
 Y - 7 potions of haste


   Skills:
 + Level 24.5 Fighting
 + Level 24.5 Axes
 - Level 7.0 Throwing
 + Level 24.5 Armour
 + Level 19.4 Dodging
 + Level 26.5 Shields
 + Level 11.0 Invocations


You had 23 spell levels left.
You didn't know any spells.
Your spell library contained the following spells:

 Spells                   Type           Power      Damage    Failure   Level
 Apportation              Tloc           0%         N/A       71%         1
 Foxfire                  Conj/Fire      0%         2x1d4     71%         1
 Kiss of Death            Conj/Necr      0%         2d5       71%         1
 Magic Dart               Conj           0%         1d3       71%         1
 Necrotise                Necr           0%         1d4       71%         1
 Blink                    Tloc           0%         N/A       85%         2
 Passwall                 Tmut/Erth      0%         N/A       85%         2
 Scorch                   Fire           0%         2d5       85%         2
 Searing Ray              Conj           0%         2d4       85%         2
 Wereblood                Tmut           0%         N/A       85%         2
 Frozen Ramparts          Ice            0%         1d1       97%         3
 Inner Flame              Hex/Fire       0%         N/A       97%         3
 Mephitic Cloud           Conj/Pois/Air  0%         N/A       97%         3
 Flame Wave               Conj/Fire      0%         2d4       100%        4
 Fulminant Prism          Conj/Hex       0%         3d5       100%        4
 Manifold Assault         Tloc           0%         N/A       100%        4
 Olgreb's Toxic Radiance  Pois           0%         N/A       100%        4
 Passage of Golubria      Tloc           0%         N/A       100%        4
 Petrify                  Tmut/Erth      0%         N/A       100%        4
 Sticky Flame             Conj/Fire      0%         2d3       100%        4
 Vhi's Electric Charge    Tloc/Air       0%         N/A       100%        4
 Alistair's Intoxication  Tmut/Pois      0%         N/A       100%        5
 Arcjolt                  Conj/Air       0%         1d10      100%        5
 Freezing Cloud           Conj/Ice/Air   0%         6-21      100%        5
 Irradiate                Conj/Tmut      0%         3d11      100%        5
 Metabolic Englaciation   Hex/Ice        0%         N/A       100%        5
 Silence                  Hex/Air        0%         N/A       100%        5
 Yara's Violent Unravell  Hex/Tmut       0%         3d3       100%        5
 Conjure Ball Lightning   Conj/Air       0%         3x3d6     100%        6
 Dispersal                Tloc           0%         N/A       100%        6
 Plasma Beam              Fire/Air       0%         2x1d10    100%        6
 Starburst                Conj/Fire      0%         6d3       100%        6
 Enfeeble                 Hex            0%         N/A       100%        7
 Orb of Destruction       Conj           0%         9d5       100%        7
 Ozocubu's Refrigeration  Ice            0%         4d7       100%        7
 Discord                  Hex            0%         N/A       100%        8
 Disjunction              Tloc           0%         N/A       100%        8
 Ignition                 Fire           0%         3d3       100%        8
 Lehudib's Crystal Spear  Conj/Erth      0%         10d2      100%        8
 Polar Vortex             Ice            0%         N/A       100%        9
 Summon Small Mammal      Summ           Unusable   N/A       N/A         1
 Call Imp                 Summ           Unusable   N/A       N/A         2
 Summon Guardian Golem    Hex/Summ       Unusable   N/A       N/A         3
 Tukima's Dance           Hex            Unusable   N/A       N/A         3
 Animate Armour           Summ/Erth      Unusable   N/A       N/A         4
 Simulacrum               Ice/Necr       Unusable   N/A       N/A         6
 Summon Cactus Giant      Summ           Unusable   N/A       N/A         6
 Spellforged Servitor     Conj/Summ      Unusable   N/A       N/A         7

Dungeon Overview and Level Annotations

Branches:
Dungeon (15/15)            Temple (0/1) D:6            Lair (5/5) D:11
  Swamp (4/4) Lair:3        Snake (4/4) Lair:3        Slime (5/5) Lair:4
    Orc (2/2) D:11            Elf (2/3) Orc:2        Vaults (3/5) D:14
  Crypt (0/3) Vaults:2     Depths (4/4) D:15            Zot (5/5) Depths:4
  IceCv (visited)         Gauntlet (visited)

Altars:
Ashenzari
Elyvilon
Fedhas
Hepliaklqana
Kikubaaqudgha
Okawaru
Trog
Uskayaw
Vehumet
Xom
Yredelemnul
Lugonu

Shops:
D:3 !   D:6 (   D:9 :?=[*   D:15 ((   Orc:2 *(*=   Elf:1 !   Elf:2 [[[=(
Snake:1 :   Snake:4 :   Vaults:1 ?   Vaults:2 =   Vaults:3 :   Depths:3 **
Depths:4 =

Portals:
Hell: Depths:1 Depths:2 Depths:3 Depths:4
Abyss: Depths:2 Depths:3
Pandemonium: Depths:2
Ziggurat: Depths:1
Trove: D:11 (give 8 potions of haste)

Annotations:
Elf:2 3 runed translucent doors
Zot:5 4 transporters


Innate Abilities, Weirdness & Mutations

You have a pair of horns on your head.
You reflexively headbutt those who attack you in melee.
You have very sharp teeth.
You are partially covered in iridescent scales. (AC +2)
Your magical capacity is low. (-10% MP)
You passively map a small area around you.
You are robust. (+10% HP)
You are vulnerable to heat. (rF-)
You occasionally lose the ability to drink potions when taking damage.
You expend magic power (3 MP) to strengthen your wands.


Message History

The quicksilver dragon breathes dispelling energy at you.
The bolt of dispelling energy misses you.
The quicksilver dragon fails to trigger a net trap.
The electric golem sets off the alarm!
The alarm trap emits a blaring wail!
A sentinel's mark forms upon you.
The quicksilver dragon breathes dispelling energy at you.
The bolt of dispelling energy hits you but does no damage.
Your magical effects are unravelling.
You hear a roar! x6; You hear a shout!
You hear a chilling moan.
You hear a roar! x3
You feel much better.
The sentinel's mark upon you fades away.
You block the electric golem's attack.
The electric golem hits you but does no damage.
You block the electric golem's attack.
The electric golem hits you but does no damage.
You miss the electric golem. You block the electric golem's attack.
The electric golem hits you but does no damage. x2
You block the electric golem's attack.
You miss the quicksilver dragon.
You headbutt the quicksilver dragon, but do no damage.
You slice the electric golem!!
The electric golem crackles and sizzles.
You block the electric golem's attack. x2; The electric golem hits you.
* * * LOW HITPOINT WARNING * * *
You block the electric golem's attack. The quicksilver dragon misses you.
The quicksilver dragon claws you!
* * * LOW HITPOINT WARNING * * *
The Killer Klown shouts!
You slash the quicksilver dragon!
The quicksilver dragon is poisoned.
You bite the quicksilver dragon.
The quicksilver dragon is lightly wounded.
You slice the electric golem like a ripe choko!!!
You block the electric golem's attack. The electric golem closely misses you.
The electric golem hits you but does no damage.
You block the electric golem's attack.
The quicksilver dragon breathes dispelling energy at you.
The bolt of dispelling energy hits you!!!
You die...

#......####......##########
######........^............
#####################p #.
## # ################
####### ##.........@....#
#...... ##.........D*.....#
##.....
#.........^.9......# #.....
..^.......^......... ##....
.................... #...^
.................... ##....
*..........^.........
#..... .........^9....p....
##....d [....^........... ,
##......


You could see an orb of fire, a Killer Klown, 2 electric golems and a
quicksilver dragon (very poisoned, catching breath).

Vanquished Creatures
  the Royal Jelly (Slime:5)
  2 dread liches
  4 orbs of fire
  Tiamat (Arena)
  Mara (Swamp:4)
  An ancient lich (Zot:1)
  A juggernaut (Depths:3)
  Vv (Zot:2)
  A curse toe (Zot:4)
  Nikola (Snake:3)
  12 golden dragons
  A bone dragon (Depths:4)
  2 electric golems
  Jorgrun (Snake:2)
  10 tentacled monstrosities
  Zenata (Vaults:1)
  2 liches
  12 Orb Guardians
  5 quicksilver dragons
  3 sphinxes
  4 titans (Depths:3)
  18 acid blobs
  A tentacled starspawn (Swamp:2)
  Frances (Swamp:1)
  3 tengu reavers
  6 death cobs
  10 storm dragons
  The ghost of Ofax the Covert, an adept VSFi of Uskayaw (Snake:1)
  Agnes (Snake:1)
  Donald (Vaults:2)
  6 shadow dragons
  Kirke (Swamp:1)
  8 nagarajas
  Roxanne (Swamp:4)
  6 draconian monks
  9 rockslimes
  6 vault wardens
  3 fire giants
  3 frost giants
  9 azure jellies
  6 draconian knights
  Louise (Snake:1)
  4 iron dragons
  A balrug (Depths:2)
  2 deep elf sorcerers
  5 draconian scorchers
  A ghost moth (Zot:5)
  7 draconian shifters
  6 draconian stormcallers
  4 orc warlords
  10 ironbound preservers
  11 stone giants
  10 formless jellyfish
  A spriggan defender (Depths:4)
  21 very ugly things
  9 quicksilver oozes
  A deep elf demonologist (Depths:3)
  11 draconian annihilators
  A vampire knight (Depths:4)
  3 ironbound thunderhulks
  6 green draconians
  10 black draconians
  6 dire elephants
  13 white draconians
  2 eleionomae
  Nessos (Orc:2)
  10 red draconians
  A minotaur (Gauntlet)
  8 yellow draconians
  A bunyip (Swamp:4)
  15 purple draconians
  5 spark wasps
  5 ettins
  An eidolon (Vaults:1)
  A merfolk javelineer (Depths:1)
  3 deep elf death magi
  2 shambling mangroves
  Josephine (Orc:1)
  A merfolk impaler (Depths:1)
  An entropy weaver (Vaults:2)
  9 fire dragons
  5 yaktaur captains
  5 rakshasas
  13 great orbs of eyes
  5 ice dragons
  Fannar (D:10)
  Erolcha (D:13)
  6 ghost crabs
  A caustic shrike simulacrum (IceCv)
  16 hydras
  4 spriggan air magi
  2 catoblepae
  A merfolk avatar (Lair:5)
  4 ironbound frosthearts
  4 salamander tyrants
  A death knight (D:12)
  8 alligators
  9 anacondas
  13 death yaks
  4 centaur warriors
  8 two-headed ogres
  5 boulder beetles
  14 naga warriors
  4 deep troll earth magi
  A hell hog (Depths:1)
  10 dancing weapons
  7 deep troll shamans
  7 naga sharpshooters
  4 tengu warriors
  12 orc high priests
  6 sun demons (Depths:1)
  Urug (D:13)
  A spriggan berserker (Depths:4)
  7 hell knights
  5 shock serpents
  7 iron trolls
  8 skysharks
  5 spriggans
  6 deep elf knights (Elf:1)
  2 goliath frogs
  3 salamander mystics
  3 sea snakes (Lair:5)
  5 skeletal warriors
  14 swamp dragons
  3 spriggan druids
  7 glowing orange brains
  53 deep trolls
  2 flayed ghosts
  A phantasmal warrior (D:12)
  3 bog bodies
  5 naga ritualists
  3 necromancers
  10 lindwurms
  5 wizards
  17 deep elf zephyrmancers
  8 ironbound convokers
  9 deep elf archers
  6 shining eyes
  11 harpies
  5 orc sorcerers
  40 ugly things
  6 mana vipers
  8 orc knights
  2 will-o-the-wisps
  19 deep elf pyromancers
  11 salamanders
  7 manticores
  Maurice (Orc:1)
  4 cyclopes
  13 moths of wrath
  A water nymph (shapeshifter) (Depths:4)
  36 black mambas
  7 elephants
  11 vault sentinels
  5 eyes of devastation
  A rust devil (Depths:2)
  An ice statue (Snake:1)
  5 apocalypse crabs (Swamp:2)
  A guardian serpent (Snake:4)
  6 cane toads
  12 naga magi
  2 unseen horrors
  11 yaktaurs
  4 gargoyles
  A hellion (Depths:1)
  A kobold demonologist (D:12)
  6 torpor snails
  An efreet (D:12)
  4 freezing wraiths
  A tengu conjurer (Depths:3)
  An ice devil (Depths:2)
  2 anaconda simulacra (IceCv)
  12 komodo dragons
  7 polar bears
  A meliai (shapeshifter) (D:13)
  The ghost of TobyConnect the Trooper, an amateur DsFi (D:4)
  11 trolls
  A polar bear (shapeshifter) (Elf:2)
  11 hornets
  2 alligator simulacra (IceCv)
  5 tyrant leeches
  A tarantella (shapeshifter) (D:13)
  8 blink frogs
  A snapping turtle (Lair:5)
  11 dream sheep
  Sigmund (D:2)
  14 flying skulls (Gauntlet)
  110 slime creatures
  A dire elephant simulacrum (IceCv)
  An air elemental (Elf:1)
  A vampire (D:10)
  8 water elementals
  6 wraiths
  A yak (shapeshifter) (D:14)
  2 fire bats (Depths:1)
  6 shadows
  4 wyverns
  3 hogs (Swamp:1)
  5 fire elementals
  8 golden eyes
  60 yaks
  A golden eye (shapeshifter) (D:13)
  5 basilisks
  A human (Swamp:1)
  2 redbacks (Vaults:2)
  6 vampire mosquitoes
  2 neqoxecs (Depths:2)
  A steam dragon (Lair:5)
  14 swamp worms
  8 wargs (Orc:2)
  51 nagas
  3 acid dragons
  3 harpy simulacra (IceCv)
  2 hydra simulacra (IceCv)
  14 water moccasins
  A hell hound (Depths:1)
  13 swamp drakes
  A meliai simulacrum (D:14)
  2 sky beasts
  5 black bears
  24 orc warriors
  2 ice beasts
  An ogre (shapeshifter) (D:13)
  3 ettin simulacra (IceCv)
  8 ogres
  22 wolves
  4 boggarts (Lair:4)
  6 centaurs
  A phantom (D:5)
  A kobold brigand (D:10)
  12 bullfrogs
  3 gnoll sergeants
  2 earth elementals
  5 scorpions
  3 wights (D:9)
  3 killer bees (D:4)
  4 howler monkeys
  2 electric eels (D:11)
  4 quasits (D:4)
  35 orc priests
  4 hounds
  7 jellies
  2 sleepcaps
  A gnoll bouda (D:6)
  2 iguanas
  Natasha (thrice) (D:4)
  21 orc wizards
  18 gnolls
  4 adders
  A white imp (D:7)
  2 ufetubi
  5 worms
  4 dart slugs
  112 orcs
  5 ball pythons
  6 bats
  3 endoplasms
  6 giant cockroaches
  7 goblins
  10 hobgoblins
  3 quokkas
  3 frilled lizards
  19 kobolds
  4 rats
  A butterfly (Lair:4)
1841 creatures vanquished.

Vanquished Creatures (others)
  Norris (Vaults:1)
  Aizul (Snake:4)
  A green draconian (Zot:2)
  2 deep elf knights
  3 deep elf pyromancers
  A wraith (D:12)
  2 nagas (Snake:4)
  An orc (D:12)
  8 foxfires
  2 starspawn tentacles (Swamp:2)
22 creatures vanquished.

Grand Total: 1863 creatures vanquished

Notes
Turn   | Place    | Note
-------+----------+-------------------------------------------
     0 | D:1      | senseless the Minotaur Fighter began the quest for the Orb.
     0 | D:1      | Reached XP level 1. HP: 19/19 MP: 0/0
   183 | D:1      | Reached XP level 2. HP: 27/27 MP: 1/1
   866 | D:1      | Found a faded altar of an unknown god.
   872 | D:1      | Prayed at the altar of an unknown god.
   872 | D:1      | Became a worshipper of Warmaster Okawaru
   872 | D:1      | Reached * piety under Okawaru
   895 | D:2      | Reached skill level 4 in Shields
   973 | D:2      | Reached XP level 3. HP: 30/33 MP: 2/2
   994 | D:2      | Noticed Sigmund
  1008 | D:2      | Killed Sigmund
  1008 | D:2      | Reached ** piety under Okawaru
  1009 | D:2      | Reached XP level 4. HP: 30/41 MP: 3/3
  1009 | D:2      | Reached XP level 5. HP: 34/47 MP: 4/4
  1073 | D:2      | Reached skill level 5 in Fighting
  1073 | D:2      | Reached skill level 5 in Armour
  1075 | D:2      | Reached skill level 5 in Shields
  1325 | D:2      | Reached XP level 6. HP: 56/56 MP: 5/5
  1851 | D:3      | Found Futoipoir's Distillery.
  1932 | D:3      | Bought a potion of curing for 30 gold pieces
  1932 | D:3      | Bought a potion of heal wounds for 50 gold pieces
  1932 | D:3      | Bought a potion of brilliance for 40 gold pieces
  1932 | D:3      | Bought a potion of degeneration for 10 gold pieces
  2299 | D:4      | Reached *** piety under Okawaru
  2398 | D:4      | Noticed TobyConnect's ghost (amateur DsFi)
  2399 | D:4      | Found a transporter.
  2440 | D:4      | Found a transporter.
  2561 | D:4      | Reached skill level 5 in Axes
  2561 | D:4      | Reached XP level 7. HP: 62/62 MP: 6/6
  3042 | D:4      | Reached skill level 6 in Shields
  3137 | D:4      | Noticed Natasha
  3139 | D:4      | Killed Natasha
  3267 | D:4      | Noticed Natasha
  3270 | D:4      | Killed Natasha
  3587 | D:5      | Entered Level 5 of the Dungeon
  3640 | D:5      | Identified the +3 ring mail of the Salamander {Int+3}
  3656 | D:5      | Reached **** piety under Okawaru
  3657 | D:5      | Reached XP level 8. HP: 67/71 MP: 7/7
  3713 | D:5      | Reached skill level 7 in Shields
  3937 | D:5      | Found a blossoming altar of Fedhas.
  4677 | D:6      | Found Cot Kah's Weapon Shop.
  4679 | D:6      | Reached ***** piety under Okawaru
  4734 | D:6      | Found a staircase to the Ecumenical Temple.
  4818 | D:6      | Reached skill level 8 in Shields
  4818 | D:6      | Reached XP level 9. HP: 76/81 MP: 8/8
  4884 | D:6      | Found a broken altar of Ashenzari.
  5128 | D:4      | Killed TobyConnect's ghost
  5350 | D:4      | Noticed Natasha
  5359 | D:4      | Killed Natasha
  6694 | D:8      | Killed an unseen horror
  6694 | D:8      | Received a gift from Okawaru
  6695 | D:8      | Reached skill level 9 in Shields
  6794 | D:8      | Noticed a two-headed ogre
  6804 | D:8      | Killed a two-headed ogre
  6805 | D:8      | Reached XP level 10. HP: 68/91 MP: 9/9
  7082 | D:8      | Noticed a moth of wrath
  7085 | D:8      | Found a bloodstained altar of Trog.
  7508 | D:9      | Reached skill level 10 in Armour
  7508 | D:9      | Reached skill level 10 in Shields
  7518 | D:9      | Reached skill level 10 in Fighting
  7598 | D:9      | Found Foty's Assorted Antiques.
  7600 | D:9      | Found Zampidar's Armour Shoppe.
  7608 | D:9      | Bought a glowing opal ring for 125 gold pieces
  7608 | D:9      | Bought a twitching lapis lazuli ring for 125 gold pieces
  7608 | D:9      | Identified the ring "Posch" {MP+9 Slay+3} (You bought it in
                  | a shop on level 9 of the Dungeon)
  7687 | D:9      | Received a gift from Okawaru
  7781 | D:9      | Found Hafeecap's Jewellery Emporium.
  7804 | D:9      | Reached skill level 10 in Axes
  7933 | D:9      | Found Feimnimo's Book Shop.
  7961 | D:9      | Found Mofot's Magic Scroll Shop.
  7966 | D:9      | Bought a scroll of identify for 28 gold pieces
  7966 | D:9      | Bought a scroll of fear for 56 gold pieces
  7966 | D:9      | Bought a scroll of amnesia for 56 gold pieces
  8292 | D:10     | Entered Level 10 of the Dungeon
  8312 | D:10     | Noticed a two-headed ogre
  8317 | D:10     | Killed a two-headed ogre
  8527 | D:10     | Noticed Fannar
  8530 | D:10     | Reached XP level 11. HP: 101/101 MP: 10/10
  8539 | D:10     | Reached skill level 11 in Shields
  8544 | D:10     | Killed Fannar
  8544 | D:10     | Reached ****** piety under Okawaru
  8728 | D:10     | Identified the +0 kite shield "Purikku" {MP+9 Dex+5}
                  | (Okawaru gifted it to you on level 10 of the Dungeon)
  8728 | D:10     | Received a gift from Okawaru
  9005 | D:10     | Identified a scroll of acquirement
  9006 | D:10     | Acquired 827 gold pieces
  9154 | D:9      | Bought a scroll of acquirement for 728 gold pieces
  9154 | D:9      | Acquired a manual of Shields
  9439 | D:11     | Noticed a two-headed ogre
  9448 | D:11     | Killed a two-headed ogre
  9613 | D:11     | Found a staircase to the Orcish Mines.
  9723 | D:11     | Reached skill level 12 in Shields
  9940 | D:11     | Found a portal to a secret trove of treasure.
 10697 | D:11     | Found a staircase to the Lair.
 10874 | D:12     | Found a gate leading to a gauntlet.
 10880 | D:12     | Reached skill level 13 in Shields
 10903 | Gauntlet | Entered a Gauntlet
 10903 | Gauntlet | Noticed a necromancer
 10903 | Gauntlet | Found a large runed translucent door.
 10903 | Gauntlet | Found a large runed translucent door.
 10903 | Gauntlet | Found a large runed translucent door.
 10903 | Gauntlet | Found a large runed translucent door.
 10903 | Gauntlet | Found a large runed translucent door.
 10903 | Gauntlet | Found a large runed translucent door.
 10903 | Gauntlet | Found a large runed translucent door.
 10903 | Gauntlet | Found a large runed translucent door.
 10903 | Gauntlet | Found a runed translucent door.
 10903 | Gauntlet | Found a runed translucent gate.
 10903 | Gauntlet | Found a transporter.
 10903 | Gauntlet | Found a transporter.
 10903 | Gauntlet | Found a runed translucent gate.
 10903 | Gauntlet | Found a transporter.
 10904 | Gauntlet | Found a runed translucent door.
 10904 | Gauntlet | Found a runed translucent gate.
 10907 | Gauntlet | Found a transporter.
 10908 | Gauntlet | Found a transporter.
 10918 | Gauntlet | Found a transporter.
 10934 | Gauntlet | Found a large runed translucent door.
 10934 | Gauntlet | Found a large runed translucent door.
 10935 | Gauntlet | Found a large runed translucent door.
 10936 | Gauntlet | Found a large runed translucent door.
 10950 | Gauntlet | Found a large runed translucent door.
 10950 | Gauntlet | Found a large runed translucent door.
 10951 | Gauntlet | Found a large runed translucent door.
 10952 | Gauntlet | Found a large runed translucent door.
 10971 | Gauntlet | Reached XP level 12. HP: 94/112 MP: 11/11
 10973 | Gauntlet | Identified the ring of Sloth {rF+ rN++}
 11017 | Gauntlet | Found a transporter.
 11027 | Gauntlet | Identified the +0 broad axe of Pyommi {freeze, rPois rCorr
                  | MP+9} (Okawaru gifted it to you in a Gauntlet)
 11027 | Gauntlet | Received a gift from Okawaru
 11045 | Gauntlet | Identified the +4 cloak "Vunn" {*Slow rF+ Dex+4 Slay+3}
 11093 | Gauntlet | Found a transporter.
 11096 | Gauntlet | Noticed a minotaur
 11103 | Gauntlet | Killed a minotaur
 11173 | D:12     | Reached skill level 14 in Shields
 11202 | D:12     | Noticed a two-headed ogre
 11207 | D:12     | Killed a two-headed ogre
 11364 | D:12     | Noticed a boulder beetle
 11368 | D:12     | Killed a boulder beetle
 11374 | D:12     | Received a gift from Okawaru
 11389 | D:12     | Noticed a two-headed ogre
 11396 | D:12     | Killed a two-headed ogre
 11704 | D:12     | Noticed a two-headed ogre
 11709 | D:12     | Killed a two-headed ogre
 11710 | D:12     | Reached skill level 15 in Shields
 11768 | D:12     | Noticed a death knight
 11784 | D:12     | Noticed a rakshasa
 11785 | D:12     | Killed a death knight
 12085 | D:12     | Reached XP level 13. HP: 74/123 MP: 12/12
 12540 | Lair:1   | Entered Level 1 of the Lair of Beasts
 12571 | Lair:1   | Reached skill level 16 in Shields
 13059 | Lair:1   | Identified the +4 morningstar of the Madman {flame, Str+5}
                  | (Okawaru gifted it to you on level 1 of the Lair of Beasts)
 13059 | Lair:1   | Received a gift from Okawaru
 13486 | Lair:2   | Reached skill level 17 in Shields
 13996 | Lair:3   | Received a gift from Okawaru
 14202 | Lair:3   | Found a staircase to the Snake Pit.
 14417 | Lair:3   | Found a staircase to the Swamp.
 15151 | Lair:4   | Reached skill level 15 in Fighting
 15159 | Lair:4   | Reached skill level 15 in Armour
 15219 | Lair:4   | Reached XP level 14. HP: 135/135 MP: 13/13
 15365 | Lair:4   | Reached skill level 15 in Axes
 15365 | Lair:4   | Reached skill level 18 in Shields
 15372 | Lair:4   | Found a staircase to the Slime Pits.
 15928 | Lair:5   | Entered Level 5 of the Lair of Beasts
 15945 | Lair:5   | Identified the +14 crystal plate armour of Soft Rains
                  | {rPois Int+4} (Okawaru gifted it to you on level 5 of the
                  | Lair of Beasts)
 15945 | Lair:5   | Received a gift from Okawaru
 16232 | Lair:5   | Reached skill level 19 in Shields
 16235 | Lair:5   | Reached skill level 1 in Invocations
 16672 | Lair:5   | Identified the +2 pair of boots "Wottil" {*Corrode rPois
                  | Str+5} (Okawaru gifted it to you on level 5 of the Lair of
                  | Beasts)
 16672 | Lair:5   | Received a gift from Okawaru
 16686 | Lair:5   | Identified the +7 trident of the Mushroom {heavy, Str+3}
 16690 | Lair:5   | Identified the +2 robe of the Witching Gods {*Slow rCorr
                  | Str+3 Dex+5}
 17105 | Swamp:1  | Entered Level 1 of the Swamp
 17105 | Swamp:1  | Noticed Kirke
 17124 | Swamp:1  | Killed Kirke
 17130 | Swamp:1  | Reached XP level 15. HP: 128/144 MP: 16/16
 17333 | Swamp:1  | Noticed Frances
 17343 | Swamp:1  | Killed Frances
 17943 | Swamp:2  | Found a runed translucent door.
 18497 | Swamp:2  | Received a gift from Okawaru
 18582 | Swamp:2  | Reached skill level 20 in Shields
 18642 | Abyss:3  | Cast into level 3 of the Abyss (an apocalypse crab)
 18698 | Abyss:3  | Noticed a tentacled starspawn
 18705 | Swamp:2  | Escaped the Abyss
 18711 | Swamp:2  | Killed a tentacled starspawn
 18712 | Swamp:2  | Reached skill level 5 in Invocations
 18719 | Swamp:2  | Found the +10 dark maul {heavy}
 18725 | Swamp:2  | Identified the amulet of Wevalor {Faith Fly rF+ Stlth+}
 19289 | Swamp:4  | Entered Level 4 of the Swamp
 19365 | Swamp:4  | Identified the +5 executioner's axe of Moral Flaws {drain,
                  | rC++ rN+} (Okawaru gifted it to you on level 4 of the
                  | Swamp)
 19365 | Swamp:4  | Received a gift from Okawaru
 19420 | Swamp:4  | Received a gift from Okawaru
 19657 | Swamp:4  | Got a decaying rune of Zot
 19738 | Swamp:4  | Noticed Mara
 19738 | Swamp:4  | Noticed Roxanne
 19755 | Swamp:4  | Killed Roxanne
 19756 | Swamp:4  | Reached XP level 16. HP: 136/155 MP: 19/19
 19762 | Swamp:4  | Noticed senseless's illusion
 19773 | Swamp:4  | Noticed senseless's illusion
 19790 | Swamp:4  | Killed Mara
 19923 | Swamp:4  | Found a hazy altar of Hepliaklqana.
 20010 | Swamp:4  | Identified the +6 broad axe "Xaklyeq" {venom, rElec Int+5}
                  | (Okawaru gifted it to you on level 4 of the Swamp)
 20010 | Swamp:4  | Received a gift from Okawaru
 20443 | Snake:1  | Entered Level 1 of the Snake Pit
 20455 | Snake:1  | Found a runed translucent door.
 20455 | Snake:1  | Noticed Ofax's ghost (adept VSFi)
 20497 | Snake:1  | Killed Ofax's ghost
 20545 | Snake:1  | Noticed Agnes
 20554 | Snake:1  | Killed Agnes
 20608 | Snake:1  | Found Zimayph's Self-Improvement Boutique.
 20678 | Snake:1  | Identified the +1 hat of Gluttony {rElec Will- Str+6 Int-2}
                  | (Okawaru gifted it to you on level 1 of the Snake Pit)
 20678 | Snake:1  | Received a gift from Okawaru
 20729 | Snake:1  | Noticed Louise
 20755 | Snake:1  | Killed Louise
 20842 | Snake:1  | Found a frozen archway.
 20852 | IceCv    | Entered an ice cave
 21798 | Snake:2  | Reached skill level 21 in Shields
 21981 | Snake:2  | Noticed Jorgrun
 22003 | Snake:2  | Killed Jorgrun
 22686 | Snake:3  | Found a shimmering altar of Xom.
 22922 | Snake:3  | Received a gift from Okawaru
 22980 | Snake:3  | Reached XP level 17. HP: 143/165 MP: 22/22
 23198 | Snake:3  | Noticed Nikola
 23210 | Snake:3  | Killed Nikola
 23592 | Snake:4  | Entered Level 4 of the Snake Pit
 23771 | Snake:4  | Found a white marble altar of Elyvilon.
 23861 | Snake:4  | Noticed a walking crystal tome
 23862 | Snake:4  | Found Deazax's Book Shop.
 23868 | Snake:4  | Noticed a walking frostbound tome
 24338 | Snake:4  | Noticed Aizul
 24346 | Snake:4  | Killed Aizul
 24626 | Snake:4  | Identified the +1 hat "Besaux" {rF+ Str+2} (Okawaru gifted
                  | it to you on level 4 of the Snake Pit)
 24626 | Snake:4  | Received a gift from Okawaru
 24659 | Snake:4  | Got a serpentine rune of Zot
 24890 | Snake:4  | Found a bloodstained altar of Trog.
 25539 | Orc:1    | Entered Level 1 of the Orcish Mines
 25862 | Snake:1  | Bought a manual of Dodging for 1520 gold pieces
 26166 | Orc:1    | Noticed Maurice
 26167 | Orc:1    | Paralysed by Maurice for 5 turns
 26180 | Orc:1    | Killed Maurice
 26191 | Orc:1    | Noticed Josephine
 26199 | Orc:1    | Killed Josephine
 26212 | Orc:1    | Reached skill level 1 in Dodging
 26380 | Orc:2    | Entered Level 2 of the Orcish Mines
 26419 | Orc:2    | Noticed Nessos
 26429 | Orc:2    | Killed Nessos
 26591 | Orc:2    | Found a staircase to the Elven Halls.
 26602 | Orc:2    | Found a bloodstained altar of Trog.
 26847 | Orc:2    | Found Ohuh's General Store.
 26847 | Orc:2    | Found Oclut's Antique Weapon Shoppe.
 27095 | Orc:2    | Found Liduth's Assorted Antiques.
 27176 | Orc:2    | Found Unnut's Jewellery Shoppe.
 27542 | Orc:2    | Bought a crude broad axe for 279 gold pieces
 27542 | Orc:2    | Identified the +3 broad axe of the Loving Gods {pain, Will+
                  | Int+3} (You bought it in a shop on level 2 of the Orcish
                  | Mines)
 27596 | Elf:1    | Entered Level 1 of the Elven Halls
 27691 | Elf:1    | Reached XP level 18. HP: 160/176 MP: 24/24
 27693 | Elf:1    | Reached skill level 22 in Shields
 27693 | Elf:1    | Reached skill level 10 in Invocations
 27840 | Elf:1    | Received a gift from Okawaru
 28145 | Elf:1    | Identified the +1 robe "Xuugg" {Int+2 SInv Archmagi}
 28161 | Elf:1    | Reached skill level 5 in Dodging
 28368 | Elf:1    | Got the Cyclopedia of the Fifth Circle
 28680 | Elf:1    | Found Kuuloew's Distillery.
 29021 | Elf:2    | Found Ketaom's Jewellery Boutique.
 29075 | Elf:2    | Found Wechoob's Armour Emporium.
 29100 | Elf:2    | Identified the +0 cloak of New Discoveries {rPois rCorr
                  | Dex+3} (Okawaru gifted it to you on level 2 of the Elven
                  | Halls)
 29100 | Elf:2    | Received a gift from Okawaru
 29173 | Elf:2    | Found Rika's Armour Emporium.
 29199 | Elf:2    | Identified the +2 scale mail "Otixuu" {Fly rElec Int+3
                  | SInv}
 29203 | Elf:2    | Found Ecriu's Armour Shop.
 29268 | Elf:2    | Found a runed translucent gate.
 29269 | Elf:2    | Found a runed translucent gate.
 29269 | Elf:2    | Found a runed translucent gate.
 29491 | Elf:2    | Found Faigriruku's Weapon Shoppe.
 30181 | D:13     | Noticed Urug
 30189 | D:13     | Killed Urug
 30647 | D:13     | Noticed Erolcha
 30650 | D:13     | Killed Erolcha
 31004 | D:14     | Found a gate to the Vaults.
 31862 | D:15     | Entered Level 15 of the Dungeon
 32015 | D:15     | Found Biwkog's Antique Weapon Shoppe.
 32163 | D:15     | Found a staircase to the Depths.
 32327 | D:15     | Found Nuekhihi's Antique Weapon Boutique.
 32452 | Depths:1 | Entered Level 1 of the Depths
 32468 | Depths:1 | Found a one-way gateway to a ziggurat.
 32508 | Depths:1 | Identified the +0 pair of gloves "Ifiunn" {Harm Slay+4}
                  | (Okawaru gifted it to you on level 1 of the Depths)
 32508 | Depths:1 | Received a gift from Okawaru
 32516 | Depths:1 | Paralysed by a sphinx for 5 turns
 32819 | Depths:1 | Reached XP level 19. HP: 156/185 MP: 25/25
 33058 | Depths:1 | You fall into a shaft and drop 1 floor!
 33109 | Depths:1 | Reached skill level 10 in Dodging
 33134 | Depths:1 | Reached skill level 23 in Shields
 33134 | Depths:1 | Gained mutation: You are clumsy. (Dex -2) [a shining eye]
 33138 | Depths:1 | Gained mutation: You are vulnerable to cold. (rC-) [a
                  | shining eye]
 33177 | Depths:1 | Found a gateway to Hell.
 33574 | Depths:1 | Found a blossoming altar of Fedhas.
 33913 | Depths:1 | Identified the +0 war axe "Pumosajo" {flame, rPois Dex+3}
                  | (Okawaru gifted it to you on level 1 of the Depths)
 33913 | Depths:1 | Received a gift from Okawaru
 33936 | Depths:1 | Identified the ring "Cavi" {rPois rC+ Str+3 Int+3}
 34107 | Depths:2 | Found a corrupted altar of Lugonu.
 34107 | Depths:2 | Found a one-way gate to the infinite horrors of the Abyss.
 34593 | Depths:2 | Identified the +9 plate armour of Hubris {Rampage +Blink
                  | rN++} (Okawaru gifted it to you on level 2 of the Depths)
 34593 | Depths:2 | Received a gift from Okawaru
 34918 | Depths:2 | Gained mutation: You have hidden genetic defects. [a
                  | neqoxec]
 34926 | Depths:2 | Found a one-way gate leading to the halls of Pandemonium.
 35397 | Depths:3 | Noticed a juggernaut
 35397 | Depths:3 | Noticed a golden dragon
 35398 | Depths:3 | Noticed a golden dragon
 35421 | Depths:3 | Killed a juggernaut
 35422 | Depths:3 | Reached XP level 20. HP: 180/198 MP: 26/26
 35442 | Depths:3 | Killed a golden dragon
 35450 | Depths:3 | Noticed a golden dragon
 35455 | Depths:3 | Killed a golden dragon
 35457 | Depths:3 | Gained mutation: You occasionally lose the ability to read
                  | scrolls when taking damage. [hidden defects]
 35466 | Depths:3 | Killed a golden dragon
 35726 | Depths:3 | Identified the +5 chain mail of Intuition {rPois rF+ Str+6}
                  | (Okawaru gifted it to you on level 3 of the Depths)
 35726 | Depths:3 | Received a gift from Okawaru
 35930 | Depths:3 | Identified the +0 ring mail of Baldness {-Cast Will+ Str+2}
 36406 | Depths:3 | Gained mutation: You sometimes lose your temper in combat.
                  | [hidden defects]
 36406 | Depths:3 | Lost mutation: You have hidden genetic defects. [hidden
                  | defects expressed]
 36437 | Depths:3 | Found Cewot's Specific Store.
 36439 | Depths:3 | Found Nufetz's General Store.
 36449 | Depths:3 | Lost mutation: You occasionally lose the ability to read
                  | scrolls when taking damage. [potion of mutation]
 36449 | Depths:3 | Lost mutation: You are clumsy. (Dex -2) [potion of
                  | mutation]
 36449 | Depths:3 | Lost mutation: You sometimes lose your temper in combat.
                  | [potion of mutation]
 36449 | Depths:3 | Gained mutation: You are somewhat resistant to further
                  | mutation. [potion of mutation]
 36449 | Depths:3 | Gained mutation: You are agile. (Dex +4, Str/Int -1)
                  | [potion of mutation]
 36449 | Depths:3 | Gained mutation: You passively map a small area around you.
                  | [potion of mutation]
 36498 | Depths:4 | Entered Level 4 of the Depths
 36558 | Depths:4 | Found a hide-covered altar of Uskayaw.
 36599 | Depths:4 | Noticed a bone dragon
 36601 | Depths:4 | Noticed a golden dragon
 36622 | Depths:4 | Killed a bone dragon
 36626 | Depths:4 | Killed a golden dragon
 36710 | Depths:4 | Found a gate to the Realm of Zot.
 36727 | Depths:4 | Reached skill level 24 in Shields
 37300 | Depths:4 | Found Ziregeo's Jewellery Shop.
 37391 | Depths:4 | Identified the +10 plate armour "Vyraphayx" {+Inv Will+
                  | Int-3 Dex+3} (Okawaru gifted it to you on level 4 of the
                  | Depths)
 37391 | Depths:4 | Received a gift from Okawaru
 37465 | Depths:4 | Acquired 946 gold pieces
 37903 | Depths:4 | Bought the ring "Hosid" {rPois rC- rCorr Str+6 Dex+4} for
                  | 975 gold pieces
 38318 | Slime:1  | Entered Level 1 of the Pits of Slime
 38431 | Slime:1  | You fall into a shaft and drop 1 floor!
 39066 | Slime:3  | Reached skill level 15 in Dodging
 39066 | Slime:3  | Reached XP level 21. HP: 206/206 MP: 27/27
 40411 | Slime:5  | Entered Level 5 of the Pits of Slime
 40525 | Slime:5  | Paralysed by a great orb of eyes for 5 turns
 40539 | Slime:5  | Received a gift from Okawaru
 40771 | Slime:5  | Gained mutation: Your spells are a little easier to cast,
                  | but a little less powerful. [a shining eye]
 40772 | Slime:5  | Gained mutation: You occasionally lose the ability to read
                  | scrolls when taking damage. [a shining eye]
 40928 | Slime:5  | Gained mutation: You occasionally lose the ability to drink
                  | potions when taking damage. [a shining eye]
 40986 | Slime:5  | Noticed the Royal Jelly
 41011 | Slime:5  | Killed the Royal Jelly
 41147 | Slime:5  | Got a slimy rune of Zot
 41179 | Slime:5  | Identified the ring "Upuma" {Fly rF- rC+ Dex-4 Slay+5}
 41183 | Slime:5  | Got the Textbook on Poison and Clay
 41239 | Slime:5  | Identified the +1 cloak "Rutumy" {Drain Str+4}
 41262 | Slime:5  | Identified the +10 orcbow "Culunang" {heavy, rPois Stlth+}
 41287 | Slime:5  | Identified the +0 ring mail of Cheibriados's Regard {Str+4
                  | Dex-2 Stlth+}
 41713 | Vaults:1 | Entered Level 1 of the Vaults
 41746 | Vaults:1 | Identified the +10 war axe of Amorality {drain, rCorr
                  | Dex+3} (Okawaru gifted it to you on level 1 of the Vaults)
 41746 | Vaults:1 | Received a gift from Okawaru
 41776 | Vaults:1 | Reached skill level 1 in Throwing
 41884 | Vaults:1 | Noticed Zenata
 41901 | Vaults:1 | Killed Zenata
 41903 | Vaults:1 | Found Loasmej's Magic Scroll Boutique.
 41914 | Vaults:1 | Noticed Norris
 41932 | Vaults:1 | Killed Norris
 42020 | Vaults:1 | Bought a scroll of enchant armour for 120 gold pieces
 42185 | Vaults:1 | Received a gift from Okawaru
 42361 | Vaults:1 | Noticed a dread lich
 42380 | Vaults:1 | Killed a dread lich
 42386 | Vaults:1 | Reached skill level 25 in Shields
 42392 | Vaults:1 | Reached XP level 22. HP: 217/217 MP: 28/28
 42718 | Vaults:1 | Lost mutation: You are vulnerable to cold. (rC-) [potion of
                  | mutation]
 42718 | Vaults:1 | Lost mutation: Your spells are a little easier to cast, but
                  | a little less powerful. [potion of mutation]
 42718 | Vaults:1 | Lost mutation: You are somewhat resistant to further
                  | mutation. [potion of mutation]
 42718 | Vaults:1 | Gained mutation: Your flesh is cold resistant. (rC+)
                  | [potion of mutation]
 42926 | Vaults:2 | Received a gift from Okawaru
 43000 | Vaults:2 | Noticed Donald
 43012 | Vaults:2 | Killed Donald
 43169 | Vaults:2 | Found a staircase to the Crypt.
 43169 | Vaults:2 | Found an ancient bone altar of Kikubaaqudgha.
 43169 | Vaults:2 | Found a basalt altar of Yredelemnul.
 43447 | Vaults:2 | Found Toguf's Jewellery Shop.
 43592 | Vaults:2 | Identified the +1 chain mail "Icib" {+Blink}
 43735 | Vaults:2 | Reached skill level 5 in Throwing
 44206 | Vaults:3 | Identified the +0 leather armour "Jifret" {rN+ MP-9 Slay+3}
 44283 | Vaults:3 | Found Teudaj's Book Shoppe.
 44306 | Vaults:3 | Identified the +8 plate armour "Venuets" {rPois rC+ Slay-5}
                  | (Okawaru gifted it to you on level 3 of the Vaults)
 44306 | Vaults:3 | Received a gift from Okawaru
 44661 | Snake:1  | Bought a manual of Dodging for 1520 gold pieces
 45412 | Zot:1    | Entered Level 1 of the Realm of Zot
 45612 | Zot:1    | Noticed an ancient lich
 45628 | Zot:1    | Found a radiant altar of Vehumet.
 45632 | Zot:1    | Found a transporter.
 45642 | Zot:1    | Noticed a dread lich
 45646 | Zot:1    | Noticed an orb of fire
 45776 | Zot:1    | Noticed a golden dragon
 45789 | Zot:1    | Killed a golden dragon
 46141 | Zot:1    | You fall into a shaft and drop 1 floor!
 46166 | Zot:2    | Noticed a golden dragon
 46181 | Zot:2    | Killed a golden dragon
 46313 | Zot:2    | Noticed a golden dragon
 46314 | Zot:2    | Noticed an orb of fire
 46314 | Zot:2    | Noticed Vv
 46315 | Zot:2    | Lost mutation: You are agile. (Dex +4, Str/Int -1) [an orb
                  | of fire]
 46318 | Zot:2    | Gained mutation: Your muscles are strong. (Str +4, Int/Dex
                  | -1) [an orb of fire]
 46320 | Zot:2    | Killed a golden dragon
 46335 | Zot:2    | Gained mutation: You are robust. (+10% HP) [an orb of fire]
 46338 | Zot:2    | Lost mutation: Your muscles are strong. (Str +4, Int/Dex
                  | -1) [an orb of fire]
 46345 | Zot:2    | Killed Vv
 46352 | Zot:2    | Killed an orb of fire
 46791 | Zot:2    | Noticed a golden dragon
 46800 | Zot:2    | Killed a golden dragon
 46817 | Zot:2    | Reached XP level 23. HP: 158/249 MP: 29/29
 47449 | Zot:2    | Identified the +1 ring mail "Pifuck" {rN+} (Okawaru gifted
                  | it to you on level 2 of the Realm of Zot)
 47449 | Zot:2    | Received a gift from Okawaru
 48190 | Zot:1    | Killed a dread lich
 48193 | Zot:1    | Gained mutation: You are clumsy. (Dex -2) [an orb of fire]
 48197 | Zot:1    | Killed an orb of fire
 48201 | Zot:1    | Killed an ancient lich
 48468 | Zot:1    | Identified the +1 robe of Poor Excuses {Str+5 Dex-3}
 48505 | Zot:1    | Found a transporter.
 48549 | Zot:3    | Noticed an orb of fire
 48559 | Zot:3    | Killed an orb of fire
 48560 | Zot:3    | Reached skill level 26 in Shields
 49513 | Zot:4    | Noticed an orb of fire
 49517 | Zot:4    | Received a gift from Okawaru
 49526 | Zot:4    | Gained mutation: Your magical capacity is low. (-10% MP)
                  | [an orb of fire]
 49528 | Zot:4    | Gained mutation: You are weak. (Str -2) [an orb of fire]
 49529 | Zot:4    | Gained mutation: You are vulnerable to heat. (rF-) [an orb
                  | of fire]
 49530 | Zot:4    | Killed an orb of fire
 49536 | Zot:3    | Lost mutation: Your flesh is cold resistant. (rC+) [potion
                  | of mutation]
 49536 | Zot:3    | Lost mutation: You occasionally lose the ability to read
                  | scrolls when taking damage. [potion of mutation]
 49536 | Zot:3    | Gained mutation: You are partially covered in iridescent
                  | scales. (AC +2) [potion of mutation]
 49537 | Zot:3    | Lost mutation: You are weak. (Str -2) [potion of mutation]
 49537 | Zot:3    | Lost mutation: You are clumsy. (Dex -2) [potion of
                  | mutation]
 49537 | Zot:3    | Gained mutation: You have very sharp teeth. [potion of
                  | mutation]
 49537 | Zot:3    | Gained mutation: You expend magic power (3 MP) to
                  | strengthen your wands. [potion of mutation]
 49882 | Zot:4    | Received a gift from Okawaru
 50244 | Zot:4    | Noticed a curse toe
 50254 | Zot:4    | Killed a curse toe
 50473 | Zot:5    | Entered Level 5 of the Realm of Zot
 50680 | Zot:5    | Found the +4 dragonskin cloak
 50680 | Zot:5    | Noticed Tiamat
 50689 | Arena    | Entered the Arena
 50715 | Arena    | Killed Tiamat
 50746 | Zot:5    | Reached XP level 24. HP: 157/262 MP: 26/26
 50749 | Zot:5    | Received a gift from Okawaru
 51116 | Zot:5    | Found a transporter.
 51142 | Zot:5    | Found a transporter.
 51142 | Zot:5    | Found a transporter.
 51154 | Zot:5    | Found a transporter.
 51427 | Zot:5    | Received a gift from Okawaru
 51695 | Zot:5    | Noticed a Killer Klown
 51697 | Zot:5    | Noticed a Killer Klown
 51699 | Zot:5    | Noticed an orb of fire
 51702 | Zot:5    | Noticed an orb of fire
 51706 | Zot:5    | Noticed a dread lich
 51707 | Zot:5    | Paralysed by a dread lich for 2 turns
 51715 | Zot:5    | Noticed an ancient lich
 51716 | Arena    | Entered the Arena
 51739 | Zot:5    | Noticed an orb of fire
 51740 | Zot:5    | Noticed a Killer Klown
 51740 | Zot:5    | Noticed a Killer Klown
 51740 | Zot:5    | HP: 5/262 [orb of fire/fireball (30)]
 51829 | Zot:5    | HP: 12/262 [electric golem/bolt of lightning (5)]
 51830 | Zot:5    | HP: 5/262 [electric golem/bolt of lightning (8)]
 51836 | Zot:5    | HP: 13/262 [electric golem/bolt of lightning (11)]
 51845 | Zot:5    | Killed from afar by a quicksilver dragon

Illustrated notes

Levels and vault maps discovered:
D:1:      dpeg_arrival_boxorama, layout_loops_corners, basic_ecumenical_altar
D:2:      layout_loops_cross, moated_statue, uniq_sigmund
D:3:      layout_rooms, serial_shops, nicolae_shop_tiny_waterfront
D:4:      layout_basic, gammafunk_ghost_stat_death, kennysheep_nub, st_stairs_8,
          uniq_natasha
D:5:      layout_basic, kennysheep_mini, minmay_starry_boxes
D:6:      layout_basic, nicolae_ashenzari_skybound, minmay_temple_entry_hall,
          serial_shops, nicolae_shop_gibbet_a_chance
D:7:      layout_layer_cave
D:8:      layout_rooms, tgw_trog, st_stairs_13, kennysheep_generic_room_14
D:9:      layout_loops_corners, serial_aquarium, aquarium_bridge_long_joined
          [aquarium_subvault_wall, aquarium_subvault_wall,
          aquarium_subvault_wall, aquarium_subvault_bridge,
          aquarium_subvault_window, aquarium_subvault_wall],
          aquarium_bridge_straight [aquarium_subvault_bridge,
          aquarium_subvault_wall, aquarium_subvault_bridge,
          aquarium_subvault_wall], aquarium_window_3, aquarium_window_1,
          aquarium_view_2f, aquarium_balcony_double_1, serial_shops,
          nicolae_shop_stone, shop, shop, shop, shop
D:10:     layout_big_octagon, uniq_fannar
D:11:     layout_long_grid, erik_lair_dragon, erik_orc_2, enter_trove_2
D:12:     layout_irregular_city, gauntlet_entry_generic, grunt_potential
D:13:     minmay_connected_triangles_in_corner, layout_cave_pods, uniq_urug,
          uniq_erolcha
D:14:     layout_irregular_city, hellmonk_vaults_attempted_burglary,
          hangedman_glass_teeth
D:15:     hangedman_depths_entry_civil_slaughter, layout_long_grid,
          serial_shops, nicolae_shop_trees, nicolae_shop_dealshenge
Lair:1:   layout_roguey, cheibrodos_lair_lostbears
Lair:2:   layout_gridlike, grunt_forest_large_clearings
Lair:3:   layout_cave_shapes, skrybe_swamp_entry_bodies,
          guppyfry_snake_entry_island
Lair:4:   layout_cave_pods, minmay_slime_entry_pillars, serial_rivers,
          chequers_serial_rivers_room_a, chequers_serial_rivers_large_b,
          chequers_serial_rivers_micro_d, chequers_serial_rivers_small_b,
          kilobyte_rumbling_trees, lemuel_fruit_fields
Lair:5:   gammafunk_lair_ancient_temple, layout_regular_city,
          serial_bayou_shore_b, infiniplex_staircase_pool_2
Swamp:1:  layout_falls_marsh, nicolae_swamp_bean_lake, uniq_kirke, uniq_frances
Swamp:2:  gammafunk_mikee_crab_dinner, layout_falls_marsh,
          nicolae_swamp_trees_clearing
Swamp:3:  layout_basic_swamp, evilmike_swamp_ruin_house_1,
          infiniplex_staircase_pool
Swamp:4:  swamp, layout_basic_swamp, swamp_pool1, nicolae_swamp_godswood,
          uniq_mara, uniq_roxanne
Snake:1:  layout_onion_interference, portal_ice_cave_entry_ice_statue_one,
          hellmonk_ghost_happy_afterlife, grunt_ministairs_9,
          nicolae_shop_self_help, uniq_agnes, uniq_louise
Snake:2:  hangedman_cross_stitches, layout_rooms, drop_trap,
          grunt_ministairs_14, uniq_jorgrun
Snake:3:  layout_honeycomb, basic_altar, uniq_nikola
Snake:4:  minmay_snake_end_coiled, layout_gridlike, serial_shops,
          nicolae_shop_mannequins, eino_curves_03, hangedman_feature_mirror,
          uniq_aizul
Slime:1:  layout_caves
Slime:2:  layout_caves
Slime:3:  layout_caves
Slime:4:  layout_caves
Slime:5:  slime_pit_nicolae_amoeboid
Orc:1:    layout_caves, basic_altar, uniq_josephine, uniq_maurice
Orc:2:    st_orc_town, layout_diamond_mine, basic_altar, uniq_nessos
Elf:1:    eino_elf_arrival_customs, layout_geoelf_octagon, serial_shops,
          nicolae_take_the_stairs, minmay_elf_annihilation,
          serial_sigils_hangedman_scratch, grunt_megastairs_1
Elf:2:    nicolae_elf_blades_crystal_corner, layout_geoelf_diagonals,
          serial_shops, shop_statue, shop_statue,
          nicolae_shop_bloodbath_and_beyond, shop_statue,
          nicolae_shop_getting_attention
Vaults:1: v_alt_pattern_1, nicolae_vaults_closet_pinwheel_5, v_rooms_1,
          nicolae_vaults_closet_pinwheel_3, nicolae_vaults_spaceships,
          nicolae_vaults_you_can_take_it_with_you, v_misc_15,
          hangedman_vaults_stream, nicolae_vaults_closet_pinwheel_2,
          nicolae_vaults_little_squares_4, layout_vaults_maze, serial_shops,
          nicolae_shop_tiny_real_fake_doors, uniq_zenata, uniq_norris
Vaults:2: grunt_vaults_focal, nicolae_vaults_network_star,
          hangedman_vaults_unwind, ontoclasm_vaults_fault,
          minmay_crypt_entry_necro_gods, nicolae_vaults_diamond_2,
          nicolae_vaults_two_Ls, nicolae_vaults_surprise_closet,
          v_alt_pattern_6, nicolae_vaults_apartment_1, layout_vaults_quadrants,
          serial_shops, nicolae_shop_pleasant_corner_grove, uniq_donald
Vaults:3: nicolae_vaults_murder_corner, vaults_dpeg_encased_lava, v_misc_11,
          hangedman_vaults_impose, nicolae_vaults_doubleplus_tesselated,
          vaults_room_door_ring, ontoclasm_vaults_ring_small, vaults_dpeg_ring,
          nicolae_vaults_steering_wheel, ontoclasm_vaults_misaligned,
          layout_vaults_omnibox, serial_shops,
          nicolae_shop_temple_entry_statues_fountains
Depths:1: layout_honeycomb, enter_ziggurat_d, fedhas_altar_fruit_tree,
          nicolae_hell_entry_hellmouth_sunbeams, hangedman_decor_peaks_small,
          minmay_orc_keep, serial_bayou_shore_a, kennysheep_random_hallway,
          serial_bayou_shore_b
Depths:2: nicolae_cairo_tiling_very_big, layout_gridlike,
          abyss_entry_flame_altar, minmay_crystal_room, hell_entry,
          rand_demon_pan_entry_4, onia_ninara_dug_in_and_dangerous,
          infiniplex_staircase_pool_1
Depths:3: nzn_winding_woodlands_small [nzn_winding_woodlands_5x15_jagged,
          nzn_winding_woodlands_center_pierced_h,
          nzn_winding_woodlands_5x15_cabin], layout_gridville,
          nrook_mini_backslash, nicolae_abyss_entry_one_way_or_another,
          serial_rivers, chequers_serial_rivers_micro_e,
          chequers_serial_rivers_room_b, chequers_serial_rivers_small_a,
          chequers_serial_rivers_micro_c, hell_entry, nicolae_specific_store
Depths:4: grunt_zot_entry_funnels, layout_honeycomb, pf_coc_iceberg,
          serial_shops, nicolae_shop_gaudy_bauble,
          hangedman_abyss_or_decor_slice, nicolae_uskayaw_suspiria
Zot:1:    gammafunk_sealed_library, layout_concentric_octagons
Zot:2:    layout_gridlike, st_large_dragon_hoard_1, grunt_megastairs_3, uniq_vv,
          uniq_josephina
Zot:3:    layout_gridlike
Zot:4:    layout_gridville, grunt_megastairs_5
Zot:5:    layout_misc_corridors, grunt_ministairs_13, nicolae_diode_quadrants,
          uniq_tiamat

Skill      XL: |  1  2  3  4  5  6  7  8  9 10 11 12 13 14 15 16 17 18 19 20 21 22 23 24 |
---------------+-------------------------------------------------------------------------+-----
Fighting       | 4 5 6 7 9 10 12 13 15 16 17 18 19 20 21 22 23 24 | 24.5
Armour         | 4 5 6 8 9 10 12 13 15 16 17 18 19 20 21 22 23 24 | 24.5
Shields        | 4 5 6 8 9 10 13 15 17 19 20 21 22 23 24 25 26 | 26.5
Axes           | 3 4 5 6 7 9 10 12 13 14 16 17 18 19 20 21 22 23 24 | 24.5
Invocations    | 3 6 8 9 10 11 | 11.0
Dodging        | 4 9 13 15 16 18 19 | 19.4
Throwing       | 3 6 7 |  7.0

Action                     |  1- 3 |  4- 6 |  7- 9 | 10-12 | 13-15 | 16-18 | 19-21 | 22-24 || total
---------------------------+-------+-------+-------+-------+-------+-------+-------+-------++-------
  Melee: War axe           |    43 |   128 |   282 |   348 |   656 |   771 |       |       ||  2228
         Headbutt          |     6 |    12 |    60 |    69 |   182 |   292 |   380 |   342 ||  1343
         Broad axe         |       |       |       |       |       |   349 |  1117 |   938 ||  2404
         Bite              |       |       |       |       |       |       |       |    51 ||    51
 Invoke: Heroism           |       |       |       |       |     1 |       |     3 |     5 ||     9
         Finesse           |       |       |       |       |       |       |     2 |     3 ||     5
         Duel              |       |       |       |       |       |       |       |     2 ||     2
    Use: Scroll            |       |     6 |    10 |    12 |    11 |     3 |     5 |     6 ||    53
         Potion            |       |       |     1 |       |       |     4 |     1 |     7 ||    13
   Stab: Petrified         |       |       |       |       |     2 |       |       |       ||     2
 Armour: Scale mail        |    18 |    46 |       |       |       |       |       |       ||    64
         Plate armour      |       |     8 |   223 |   150 |   102 |    66 |       |       ||   549
         Crystal plate arm |       |       |       |       |   202 |   262 |   314 |   228 ||  1006
  Dodge: Dodged            |    15 |    41 |    67 |    68 |    91 |   159 |   356 |   304 ||  1101
  Block: Buckler           |    20 |    63 |   183 |    81 |       |       |       |       ||   347
         Reflection        |       |     3 |     2 |    16 |    22 |   192 |    37 |    22 ||   294
         Kite shield       |       |       |       |   182 |    81 |       |       |       ||   263
         Tower shield      |       |       |       |       |   617 |  1175 |  1175 |  1025 ||  3992

Table legend: (Time is in decaauts)
 A = Elapsed time spent in this place.
 B = Non-inter-level travel time spent in this place.
 C = Inter-level travel time spent in this place.
 D = Time resting spent in this place.
 E = Time spent auto-exploring this place.
 F = Levels seen in this place.
 G = Mean time per level.
                   A        B        C        D        E       F      G
               +--------+--------+--------+--------+--------+-----+--------+
         Total |  51197 |  45694 |   5503 |   3719 |  32342 |  54 |  948.1 |
       Dungeon |  16022 |  13659 |   2363 |    592 |  10515 |  15 | 1068.1 |
          Lair |   5243 |   4473 |    770 |    149 |   3516 |   5 | 1048.6 |
         Swamp |   3053 |   2762 |    291 |    379 |   1744 |   4 |  763.2 |
     Snake Pit |   4380 |   4118 |    262 |    281 |   2899 |   4 | 1095.0 |
    Slime Pits |   3060 |   2926 |    134 |    222 |   1428 |   5 |  612.0 |
  Orcish Mines |   1741 |   1428 |    313 |    156 |    993 |   2 |  870.5 |
   Elven Halls |   2154 |   2013 |    141 |    289 |   1264 |   2 | 1077.0 |
        Vaults |   2632 |   2427 |    205 |      0 |   1876 |   3 |  877.3 |
        Depths |   5821 |   5161 |    660 |    663 |   3639 |   4 | 1455.2 |
           Zot |   6159 |   5799 |    360 |    486 |   4420 |   5 | 1231.8 |
         Abyss |     65 |     65 |      0 |      9 |     46 |   1 |   65.0 |
      Ice Cave |    593 |    593 |      0 |    450 |      0 |   1 |  593.0 |
      Gauntlet |    212 |    212 |      0 |     34 |      0 |   1 |  212.0 |
         Arena |     56 |     56 |      0 |      9 |      0 |   2 |   28.0 |
               +--------+--------+--------+--------+--------+-----+--------+

Top non-repeatable levels by time:
    D:11: 2109 daAuts
Depths:1: 1862 daAuts
   Zot:2: 1716 daAuts
    D:12: 1711 daAuts
 Snake:4: 1710 daAuts
     D:4: 1630 daAuts
Depths:3: 1448 daAuts
Depths:4: 1424 daAuts
   Elf:1: 1371 daAuts
   Zot:1: 1322 daAuts
     D:9: 1320 daAuts
  Lair:3: 1316 daAuts
  Lair:4: 1291 daAuts
   Zot:4: 1275 daAuts
     D:7: 1241 daAuts
